 Dungeon Crawl Stone Soup version 0.28-a0-476-g0f06bd746f (console) character file.

Game seed: 3348491203182360315

131 nht the Cutter (level 4, -17/51 HPs)
             Began as a Vampire Berserker on Sept 17, 2021.
             Was a Priest of Trog.
             Demolished by a sickly merfolk siren (18 damage)
             ... in a sewer.
             The game lasted 00:04:30 (1966 turns).

nht the Cutter (Vampire Berserker)                  Turns: 1966, Time: 00:04:31

Health: -17/51     AC:  2    Str: 15 (16) XL:     4   Next: 91%
Magic:  4/4        EV: 11    Int:  7 (9)  God:    Trog [***...]
Gold:   27         SH:  3    Dex: 12 (14) Spells: 3/3 levels left

rFire   . . .      SeeInvis +   a - +0 short sword
rCold   . . .      Faith    .   m - +0 buckler
rNeg    . . .      Spirit   .   b - +0 animal skin
rPois   .          Reflect  .   (no helmet)
rElec   .          Harm     .   (no cloak)
rCorr   .          Rampage  .   (no gloves)
Will    .....                   (no boots)
Stlth   ..........              (no amulet)
HPRegen 0.37/turn               (no ring)
MPRegen 0.09/turn               (no ring)

@: berserking, flying, healing quickly, very quick
A: alive, fangs 3, see invisible, vampiric 2
a: Exsanguinate, Renounce Religion, Berserk, Trog's Hand


You were in a sewer.
You worshipped Trog.
Trog was most pleased with you.
You visited 1 branch of the dungeon, and saw 3 of its levels.
You also visited: Sewer.

You collected 27 gold pieces.

Inventory:

Hand Weapons
 a - a +0 short sword (weapon)
Missiles
 k - 6 boomerangs (quivered)
Armour
 b - a +0 animal skin (worn)
 m - a +0 buckler (worn)
Scrolls
 c - a scroll of acquirement {unknown}
 d - a scroll of identify {unknown}
 h - a scroll of amnesia {unknown}
 i - a scroll of summoning {unknown}
 j - a scroll of torment {unknown}
 n - a scroll of immolation {unknown}
 o - a scroll of fear {unknown}
Potions
 e - a potion of degeneration
 g - a potion of curing {unknown}
 l - a potion of brilliance {unknown}


   Skills:
 - Level 2.6 Fighting
 * Level 5.3 Short Blades
 - Level 1.5 Armour
 - Level 2.1 Dodging
 + Level 3.8 Stealth
 + Level 0.8 Shields


You had 3 spell levels left.
You didn't know any spells.
Your spell library was empty.

Dungeon Overview and Level Annotations

Branches:
Dungeon (3/15)              Sewer (1/1)

Altars:

Shops:
D:2 (


Innate Abilities, Weirdness & Mutations

Your natural rate of healing is accelerated.
You have razor-sharp teeth.
You have supernaturally acute eyesight. (SInv)
You are afflicted with vampirism and can become a bat while bloodless.


Message History

It was a potion of degeneration.
There was something very wrong with that liquid.
You feel weakened.
You feel dopey.
You feel clumsy.
You block the sickly merfolk siren's attack.
The river rat closely misses you.
It was a potion of flight.
You feel very buoyant.
You fly up into the air.
The sickly merfolk siren hits you from afar with a +0 spear.
The river rat closely misses you.
A red film seems to cover your vision as you go berserk!
You feel yourself moving faster!
You feel mighty!
You block the sickly merfolk siren's attack.
The river rat misses you.
The frilled lizard bites you but does no damage.
You barely miss the river rat.
The river rat is severely wounded.
You block the sickly merfolk siren's attack.
The river rat bites you! The frilled lizard bites you.
You hit the river rat.
The river rat is almost dead.
The sickly merfolk siren hits you from afar with a +0 spear!
* * * LOW HITPOINT WARNING * * *
You hit the river rat.
You kill the river rat!
Trog accepts your kill.
The frilled lizard bites you but does no damage.
You closely miss the frilled lizard. You bite the frilled lizard.
You kill the frilled lizard!
Trog accepts your kill.
The sickly merfolk siren hits you from afar with a +0 spear!
* * * LOW HITPOINT WARNING * * *
The ball python bites you.
* * * LOW HITPOINT WARNING * * *
The ball python grabs you. The ball python constricts you.
You escape the ball python's grasp.
You puncture the sickly merfolk siren!
The sickly merfolk siren is almost dead.
The sickly merfolk siren hits you with a +0 spear!!
You die...

. █ ≈... ≈≈...███████
≈≈≈≈.......█
≈≈≈r≈≈≈≈██S█
██r███≈≈≈█.█ ███
███m@≈█████████████..
█≈≈≈≈≈≈≈≈≈≈≈≈≈≈..≈.
██████████≈≈≈≈≈≈≈≈≈


████████████ █∩∩≈≈≈≈..... ███≈≈≈.█████ ██≈.██ ████ You could see a sickly
merfolk siren, a ball python and a rat.

Vanquished Creatures
  4 adders
  A river rat (Sewer)
  A white imp (D:3)
  A worm (D:2)
  A dart slug (D:1)
  4 bats
  7 endoplasms
  5 giant cockroaches
  7 goblins
  7 hobgoblins
  4 jackals (D:1)
  4 quokkas
  6 ball pythons
  5 frilled lizards
  4 kobolds
  14 rats
75 creatures vanquished.

Notes
Turn   | Place    | Note
-------+----------+-------------------------------------------
     0 | D:1      | nht the Vampire Berserker began the quest for the Orb.
     0 | D:1      | Reached XP level 1. HP: 17/17 MP: 1/1
   113 | D:1      | Reached skill level 1 in Stealth
   118 | D:1      | Reached XP level 2. HP: 19/23 MP: 2/2
   171 | D:2      | Reached skill level 4 in Short Blades
   335 | D:1      | Reached ** piety under Trog
   338 | D:1      | Gained mutation: You are afflicted with vampirism and can
                  | become a bat while bloodless. [Vampire growth]
   338 | D:1      | Reached XP level 3. HP: 28/28 MP: 3/3
  1019 | D:1      | You fall into a shaft and drop 1 floor!
  1113 | D:2      | Found a faded altar of an unknown god.
  1145 | D:2      | Reached XP level 4. HP: 32/34 MP: 4/4
  1328 | D:2      | Found Ybloomeuts's Antique Weapon Emporium.
  1629 | D:2      | Reached skill level 5 in Short Blades
  1789 | D:3      | Found a glowing drain.
  1814 | D:3      | Reached *** piety under Trog
  1819 | Sewer    | Entered a sewer
  1964 | Sewer    | HP: 2/51 [sickly merfolk siren (12)]
  1966 | Sewer    | Demolished by a sickly merfolk siren

Illustrated notes

Levels and vault maps discovered:
D:1:      mushboom_english_gardens, layout_basic
D:2:      layout_basic, serial_shops, shop_statue, basic_ecumenical_altar
D:3:      layout_loops_cross, regret_index_temple_of_mockery,
          gup_sewer_entry_glass
Sewer:    sewer_sea

Skill      XL: |  1  2  3  4 |
---------------+-------------+-----
Stealth        | 1 2 3 |  3.8
Short Blades   | 4 5 |  5.3
Fighting       | |  2.6
Armour         | |  1.5
Dodging        | |  2.1
Shields        | |  0.8

Action                   |  1- 3 |  4- 6 || total
-------------------------+-------+-------++-------
Melee: Short sword       |   121 |    93 ||   214
       Bite              |    10 |    13 ||    23
Invok: Berserk           |     3 |     2 ||     5
  Use: Potion            |       |     2 ||     2
 Stab: Sleeping          |     5 |     5 ||    10
Armor: Animal skin       |    16 |    15 ||    31
Dodge: Dodged            |    71 |    43 ||   114
Block: Buckler           |       |     9 ||     9

Table legend: (Time is in decaauts)
 A = Elapsed time spent in this place.
 B = Non-inter-level travel time spent in this place.
 C = Inter-level travel time spent in this place.
 D = Time resting spent in this place.
 E = Time spent auto-exploring this place.
 F = Levels seen in this place.
 G = Mean time per level.
                   A        B        C        D        E       F      G
               +--------+--------+--------+--------+--------+-----+--------+
         Total |   1993 |   1860 |    133 |      0 |   1392 |   4 |  498.2 |
       Dungeon |   1826 |   1693 |    133 |      0 |   1310 |   3 |  608.7 |
         Sewer |    167 |    167 |      0 |      0 |     82 |   1 |  167.0 |
               +--------+--------+--------+--------+--------+-----+--------+

Top non-repeatable levels by time:
     D:1: 1166 daAuts
     D:2: 587 daAuts
   Sewer: 167 daAuts
     D:3: 72 daAuts
